Map: Rhoskallian LE

Players

MinJung

  • Race: Terran Terran
  • Spawn Location: 12:00

Amalcia

  • Race: Zerg Zerg
  • Spawn Location: 11:00

Massa - Winner!

  • Race: Terran Terran
  • League: Platinum
  • Spawn Location: 6:00

qqq - Winner!

  • Race: Zerg Zerg
  • Spawn Location: 5:00

VOD

Have the link to the VOD?

Description

Time

  • Played on: Feb. 6, 2021, 12:08 p.m.
  • Length: 6:42
Show
View Real Time Build Order
Export as new Build Order

MinJung Terran 

Build Orders:  

Get SALT Encoding   

  12  0:00  SCV  
  13  0:12  SCV  
  14  0:18  Supply Depot  
  14  0:24  SCV  
  15  0:40  SCV  
  15  0:42  Barracks  
  16  0:46  Refinery  
  16  0:52  SCV  
  17  1:04  SCV  
  17  1:10  Barracks  
  18  1:16  SCV  
  19  1:32  Reaper  
  21  1:34  Orbital Command  
  20  1:58  Reaper  
  21  2:18  Command Center, Supply Depot  
  21  2:23  Barracks Reactor  
  21  2:26  SCV  
  22  2:33  Barracks Tech Lab  
  22  2:54  Marine  
  23  3:00  Marine  
  23  3:01  Marine  
  23  3:03  Command Center  
  25  3:08  Factory  
  25  3:09  SCV  
  26  3:15  Refinery  
  26  3:16  Marine  
  26  3:34  Marine x2  
  26  3:35  Marine  
  26  3:36  SCV  
  30  3:42  Stimpack  
  31  3:50  Orbital Command  
  31  3:55  Marine x2  
  32  4:09  Marine  
  32  4:12  Factory Reactor  
  32  4:13  Marine x2  
  34  4:22  Starport  
  34  4:25  SCV  
  35  4:33  Marine  
  35  4:34  Marine  
  33  4:46  Orbital Command  
  28  5:07  Marine  
  29  5:15  SCV x2  
  31  5:33  Marine x3  
  30  5:41  SCV  
  31  5:49  SCV  
  32  5:51  Marine  
  33  5:58  Marine x2  
  33  6:00  Medivac x2  
  33  6:01  SCV  
  40  6:09  Marine  
  40  6:10  Factory Tech Lab  
  41  6:12  SCV  
  41  6:13  SCV x2  
Show
View Real Time Build Order
Export as new Build Order

Amalcia Zerg 

Build Orders: Hatch First 

Get SALT Encoding   

  12  0:00  Drone  
  13  0:12  Overlord  
  13  0:22  Drone  
  14  0:31  Drone  
  14  0:32  Drone  
  16  0:54  Drone  
  16  0:56  Hatchery  
  16  1:05  Drone x2  
  18  1:21  Spawning Pool  
  18  1:22  Drone  
  18  1:26  Extractor  
  18  1:27  Drone  
  18  1:30  Drone  
  19  1:41  Overlord  
  19  2:09  Queen  
  19  2:11  Queen  
  19  2:13  Drone x2  
  19  2:14  Zergling x2  
  26  2:16  Drone  
  27  2:26  Drone  
  27  2:27  Drone  
  29  2:30  Metabolic Boost  
  29  2:39  Drone x2  
  31  3:02  Drone x4, Extractor  
  34  3:19  Zergling x4  
  36  3:20  Overlord  
  36  3:34  Hatchery  
  35  3:43  Zergling x10  
  40  3:48  Lair  
  40  3:54  Queen  
  42  4:08  Zergling x2  
  42  4:09  Zergling x2  
  42  4:22  Zergling x2  
  42  4:23  Zergling x2  
  44  4:24  Overlord  
  44  4:25  Overlord x2  
  44  4:32  Hatchery  
  44  4:33  Baneling Nest  
  44  4:35  Drone x2  
  44  4:36  Drone, Evolution Chamber  
  44  4:37  Drone, Evolution Chamber  
  44  4:39  Overlord  
  44  4:56  Zergling x12  
  37  5:22  Zergling x4  
  37  5:23  Zergling x12  
  45  5:34  Spine Crawler  
  45  5:35  Baneling x2  
  44  5:36  Baneling  
  44  6:11  Zergling x12  
Show
View Real Time Build Order
Export as new Build Order

Massa Terran - Winner!

Build Orders: Liberator Opening 

Get SALT Encoding   

  12  0:00  SCV  
  13  0:12  SCV  
  14  0:20  Supply Depot  
  14  0:24  SCV  
  15  0:42  SCV  
  16  0:43  Barracks  
  16  0:48  Refinery  
  16  0:54  SCV  
  17  1:06  SCV  
  18  1:18  SCV  
  19  1:19  Refinery  
  19  1:30  SCV  
  20  1:36  Reaper  
  21  1:42  SCV  
  21  1:45  Supply Depot  
  22  2:01  Orbital Command  
  23  2:08  Reaper  
  23  2:15  Factory  
  23  2:27  SCV  
  24  2:37  Command Center  
  24  2:49  Barracks Reactor  
  24  2:58  Starport  
  24  3:02  SCV  
  25  3:10  Hellion  
  27  3:14  SCV  
  27  3:16  Supply Depot  
  28  3:21  Barracks  
  26  3:42  Marine x2  
  26  3:47  Liberator  
  31  3:49  Factory Tech Lab  
  31  3:51  Orbital Command  
  31  3:55  SCV  
  32  4:00  Marine  
  32  4:01  Marine  
  34  4:15  Barracks Tech Lab  
  34  4:16  Siege Tank  
  37  4:18  SCV, Marine  
  37  4:20  SCV  
  40  4:25  Marine  
  41  4:35  Marine  
  42  4:43  Marine  
  43  5:07  Marauder  
  43  5:08  Marine x2  
  43  5:10  Cyclone  
  43  5:11  SCV x2  
  52  5:23  SCV x2  
  54  5:33  Supply Depot x3  
  54  5:35  SCV, Marauder  
  54  5:37  Supply Depot  
  54  5:55  SCV, Marine x2, Siege Tank  
  60  5:58  Supply Depot  
  60  5:59  Engineering Bay  
  60  6:02  SCV  
  61  6:07  SCV  
  62  6:12  Marine x2  
  62  6:14  SCV  
  65  6:20  Command Center  
Show
View Real Time Build Order
Export as new Build Order

qqq Zerg - Winner!

Build Orders: Hatch First 

Get SALT Encoding   

  12  0:00  Drone  
  14  0:14  Drone  
  14  0:20  Overlord  
  14  0:50  Hatchery  
  14  0:52  Drone  
  14  0:53  Drone  
  15  0:58  Drone  
  16  1:12  Extractor  
  15  1:19  Drone  
  15  1:24  Spawning Pool  
  16  1:25  Drone  
  16  1:33  Drone  
  17  1:41  Drone  
  18  1:49  Drone  
  19  2:04  Drone  
  19  2:05  Drone  
  21  2:13  Extractor  
  20  2:18  Drone  
  20  2:19  Queen x2  
  20  2:21  Overlord  
  25  2:28  Metabolic Boost  
  25  2:31  Zergling x2  
  25  2:35  Drone  
  27  2:38  Zergling x2  
  27  2:42  Drone  
  29  2:45  Drone  
  29  2:48  Zergling x2  
  31  2:53  Zergling x2  
  31  2:56  Drone  
  33  3:01  Overlord  
  33  3:06  Drone  
  33  3:11  Lair  
  35  3:12  Zergling x2  
  35  3:17  Zergling x2  
  36  3:23  Zergling x2  
  37  3:28  Zergling x4  
  37  3:29  Overlord  
  37  3:30  Zergling x2  
  37  3:31  Zergling x2  
  37  3:33  Zergling x2  
  42  3:39  Zergling x2  
  43  3:44  Zergling x2  
  44  3:48  Overlord  
  44  3:50  Zergling x2  
  45  3:56  Zergling x2  
  46  4:08  Zergling x4  
  46  4:09  Zergling x2  
  44  4:15  Zergling x2  
  43  4:19  Zergling x2  
  44  4:25  Drone x2  
  44  4:26  Zergling x2  
  44  4:27  Zergling x4  
  44  4:28  Zergling x2  
  44  4:31  Drone  
  51  4:32  Hatchery  
  50  4:39  Hydralisk Den  
  49  4:54  Zergling x10  
  49  4:55  Drone x3  
  49  4:59  Overlord  
  57  5:17  Overlord x2  
  57  5:18  Drone x3  
  54  5:27  Drone x3  
  57  5:29  Lurker Den  
  57  5:30  Extractor  
  57  5:34  Drone x2  
  57  5:36  Infestation Pit  
  57  5:40  Drone  
  57  5:41  Drone  
  58  5:44  Extractor  
  58  5:45  Extractor  
  55  6:02  Hydralisk x2  
  59  6:04  Drone x3  
  59  6:10  Drone  
  59  6:11  Drone x2  
  64  6:17  Drone x6  
  64  6:18  Drone  
  71  6:22  Evolution Chamber  
Tags
 
Add a new tag
Caveats
  • Supply blocks, unpowered buildings, or Contaminate may cause inaccurate times.
  • Supply counts are checked every 10 seconds.